 Dungeon Crawl Stone Soup version 0.25-a0-1002-gbcf8c60d55 (webtiles) character file.

Game seed: 8141482069155869682, levelgen mode: deterministic

209 Conn the Magician (level 5, -2/28 HPs)
             Began as a Deep Elf Fire Elementalist on May 11, 2020.
             Was an Initiate of Sif Muna.
             Slain by an orc
             ... wielding a +0 short sword
              (7 damage)
             ... on level 4 of the Dungeon.
             The game lasted 00:10:43 (5570 turns).

Conn the Magician (Deep Elf Fire Elementalist)      Turns: 5570, Time: 00:10:43

Health: -2/28      AC:  3    Str:  5    XL:     5   Next: 55%
Magic:  8/14       EV: 13    Int: 21    God:    Sif Muna [......]
Gold:   135        SH:  0    Dex: 15    Spells: 2/13 levels left

rFire    . . .     SeeInvis .   j - +3 hand axe
rCold    . . .     Gourm    .   (no shield)
rNeg     . . .     Faith    .   a - +0 robe
rPois    .         Spirit   .   b - +0 helmet
rElec    .         Reflect  .   (no cloak)
rCorr    .         Harm     .   (no gloves)
MR       .....                  (no boots)
Stlth    +++.......             (no amulet)
HPRegen  0.09/turn              (no ring)
MPRegen  0.14/turn              (no ring)

@: very slightly contaminated
A: no striking features
a: Renounce Religion


You were on level 4 of the Dungeon.
You worshipped Sif Muna.
Sif Muna was noncommittal.
You were not hungry.

You visited 2 branches of the dungeon, and saw 5 of its levels.

You collected 135 gold pieces.

Inventory:

Hand Weapons
 e - a +0 short sword
 j - a +3 hand axe (weapon)
Armour
 a - a +0 robe (worn)
 b - a +0 helmet (worn)
Scrolls
 f - a scroll of blinking
 g - 2 scrolls of teleportation
 h - 3 scrolls of remove curse {unknown}
 i - a scroll of fear {unknown}
 k - a scroll of magic mapping {unknown}
 n - a scroll of enchant weapon {unknown}
Potions
 d - a potion of curing
Comestibles
 c - 3 rations
 l - 7 chunks of flesh


   Skills:
 + Level 0.5 Fighting
 + Level 0.1 Short Blades
 - Level 0.3 Axes
 + Level 3.1 Dodging
 + Level 3.7 Stealth
 * Level 4.8 Spellcasting
 + Level 2.5 Conjurations
 * Level 4.5 Fire Magic


You had 2 spell levels left.
You knew the following spells:

 Your Spells              Type           Power        Failure   Level  Hunger
a - Foxfire               Conj/Fire      ###.         2%          1    None
b - Conjure Flame         Conj/Fire      ###.....     8%          3    ##.....
c - Inner Flame           Hex/Fire       ##......     13%         3    ##.....
d - Sticky Flame          Conj/Fire      ###.....     26%         4    ####...

Your spell library contained the following spells:

 Spells                   Type           Power        Failure   Level  Hunger
 Fireball                 Conj/Fire      ###.......   58%         5    #####..


Dungeon Overview and Level Annotations

Branches:
Dungeon (4/15)             Temple (1/1) D:4

Altars:
Sif Muna
Trog
Xom
The Shining One

Annotations:
D:4 Blork the orc


Message History

Casting: Foxfire (safe; 2% risk of failure)
Confirm with . or Enter, or press ? or * to list all spells.
You conjure some foxfire!
The orc hits you with a +0 short sword.
The foxfire hits the orc.
The orc is heavily wounded.
The orc barely misses you.
Casting: Foxfire (safe; 2% risk of failure)
Confirm with . or Enter, or press ? or * to list all spells.
You conjure some foxfire!
The orc hits you but does no damage.
The foxfire hits the orc but does no damage.
The orc is heavily wounded.
The orc completely misses you.
Casting: Foxfire (safe; 2% risk of failure)
Confirm with . or Enter, or press ? or * to list all spells.
You conjure some foxfire!
The orc hits you with a +0 short sword.
* * * LOW HITPOINT WARNING * * *
The foxfire hits the orc but does no damage.
The orc is heavily wounded.
The orc hits you with a +0 short sword!
You die...

###.####
#....o@#
#.#.##.#
#.# #.#
#.# #.#
..# ###


You could see an orc.

Vanquished Creatures
  2 orc wizards (D:3)
  Natasha (twice) (D:2)
  2 adders
  An ooze (D:3)
  2 worms (D:3)
  2 dart slugs (D:1)
  3 leopard geckos
  12 orcs
  3 giant cockroaches
  6 goblins
  4 hobgoblins
  A quokka (D:3)
  A ball python (D:1)
  5 bats
  2 frilled lizards (D:2)
  9 kobolds
  A leopard gecko skeleton (D:3)
  8 rats
66 creatures vanquished.

Vanquished Creatures (others)
  210 foxfires
210 creatures vanquished.

Grand Total: 276 creatures vanquished

Notes
Turn   | Place    | Note
-------+----------+-------------------------------------------
     0 | D:1      | Conn the Deep Elf Fire Elementalist began the quest for the
                  | Orb.
     0 | D:1      | Reached XP level 1. HP: 10/10 MP: 6/6
   547 | D:1      | Reached XP level 2. HP: 15/15 MP: 6/8
  1726 | D:2      | Found a glowing golden altar of the Shining One.
  1814 | D:2      | Noticed Natasha
  1819 | D:2      | Noticed a crimson imp
  2199 | D:3      | Reached XP level 3. HP: 9/19 MP: 6/10
  2464 | D:3      | Found a shimmering blue altar of Sif Muna.
  2470 | D:3      | Became a worshipper of Sif Muna the Loreminder
  3293 | D:3      | Reached XP level 4. HP: 15/24 MP: 8/12
  3413 | D:3      | Learned a level 3 spell: Conjure Flame
  3417 | D:3      | Learned a level 3 spell: Inner Flame
  3422 | D:3      | Learned a level 4 spell: Sticky Flame
  3744 | D:3      | Reached * piety under Sif Muna
  4367 | D:2      | Found a faded altar of an unknown god.
  4405 | D:2      | Killed Natasha
  4405 | D:2      | Reached XP level 5. HP: 16/28 MP: 9/13
  4798 | D:2      | Noticed Natasha
  4812 | D:2      | Killed Natasha
  5094 | D:4      | Noticed Blork the orc
  5108 | D:4      | Found a staircase to the Ecumenical Temple.
  5111 | Temple   | Entered the Ecumenical Temple
  5570 | D:4      | Slain by an orc

Illustrated notes

Levels and vault maps discovered:
D:1:      dpeg_arrival_radiant, layout_basic
D:2:      layout_basic, overflow_temple_1_default,
          chequers_ecumenical_altar_lobes, hangedman_decor_clover_reticule,
          uniq_natasha
D:3:      layout_loops_corners, lemuel_round_altar, minmay_misc_feat_columns,
          kennysheep_generic_room_12
D:4:      layout_loops_cross, nemelex_xobeh_ov_fountains_minmay,
          minmay_temple_entry_ruins, first_ration, uniq_blork_the_orc,
          uniq_grinder, uniq_robin, uniq_sigmund
Temple:   dpeg_chambers_temple

Skill      XL: |  1  2  3  4  5 |
---------------+----------------+-----
Stealth        | 3 |  3.7
Spellcasting   | 4 |  4.8
Fire Magic     | 4 |  4.5
Conjurations   | 2 |  2.5
Dodging        | 3 |  3.1
Fighting       | |  0.5
Short Blades   | |  0.1
Axes           | |  0.3

Action                   |  1- 3 |  4- 6 || total
-------------------------+-------+-------++-------
Melee: Short sword       |    13 |       ||    13
       Hand axe          |     4 |    33 ||    37
 Cast: Foxfire           |    66 |    57 ||   123
       Conjure Flame     |       |     1 ||     1
  Use: Scroll            |       |     3 ||     3
       Potion            |       |     2 ||     2
 Stab: Sleeping          |     3 |     1 ||     4
  Eat: Chunk             |     4 |     7 ||    11
       Ration            |     1 |       ||     1
Armor: Robe              |     8 |    24 ||    32
Dodge: Dodged            |    35 |    78 ||   113

Table legend:
 A = Non-vault XP
 B = Vault XP
 C = Vault XP percentage of total XP
 D = Non-vault monster count
 E = Vault monster count
 F = Vault count percentage of total count
                 A         B        C        D         E       F
            +---------+---------+-------+---------+---------+-------
      Total |     263 |      36 |  12.0 |      65 |       1 |   1.5
            +---------+---------+-------+---------+---------+-------
        D:1 |      31 |       0 |   0.0 |      17 |       0 |   0.0
        D:2 |      66 |      36 |  35.3 |      15 |       1 |   6.2
        D:3 |     148 |       0 |   0.0 |      27 |       0 |   0.0
        D:4 |      15 |       0 |   0.0 |       5 |       0 |   0.0
     Temple |       3 |       0 |   0.0 |       1 |       0 |   0.0
            +---------+---------+-------+---------+---------+-------
